 Dungeon Sprint DCSS version 0.29-a0-892-g2c4c91d9db (webtiles) character file.

Game seed: 5453622412346630443

7184 rocky1 the Marksminotaur (level 10, -45/97 HPs)
             Began as a Minotaur Hunter on July 22, 2022.
             Was a High Priest of Okawaru.
             Annihilated by an enormous slime creature (51 damage)
             ... in the Dungeon (Sprint VII: "The Pits").
             The game lasted 00:15:10 (3082 turns).

rocky1 the Marksminotaur (Minotaur Hunter)          Turns: 3082, Time: 00:15:11

Health: -45/97     AC: 21    Str: 17    XL:     10   Next: 86%
Magic:  15/15      EV: 10    Int:  9    God:    Okawaru [*****.]
Gold:   0          SH:  0    Dex: 17    Spells: 9/9 levels left

rFire   . . .      SeeInvis .   b - +0 great sword (flame)
rCold   . . .      Faith    .   (shield currently unavailable)
rNeg    . . .      Spirit   .   o - +3 plate armour
rPois   .          Reflect  .   (helmet restricted)
rElec   .          Harm     .   (no cloak)
rCorr   .          Rampage  .   (no gloves)
Will    .....      NoTele   +   (no boots)
Stlth   ..........              (no amulet)
HPRegen 0.26/turn               q - +3 ring of intelligence
MPRegen 0.14/turn               p - +3 ring of protection

@: lethally poisoned (-45 -> -47)
A: horns 2, retaliatory headbutt
a: Renounce Religion, Heroism, Finesse


You were in the Dungeon.
You worshipped Okawaru.
Okawaru was extremely pleased with you.
You visited 1 branch

Inventory:

Hand Weapons
 a - a +0 shortbow
 b - a +0 great sword of flaming (weapon)
 h - a +2 scimitar of flaming
 s - a +2 war axe of freezing
Missiles
 c - 6 silver javelins
Armour
 o - a +3 plate armour (worn)
Jewellery
 p - a +3 ring of protection (right hand)
 q - a +3 ring of intelligence (left hand)
Scrolls
 j - a scroll of immolation
 l - 5 scrolls of amnesia
 m - a scroll of summoning
Potions
 d - 5 potions of curing
 f - 3 potions of haste
 g - 4 potions of magic
 k - a potion of invisibility
 r - 2 potions of mutation


   Skills:
 + Level 11.6 Fighting
 + Level 14.7 Long Blades
 - Level 16.0 Ranged Weapons
 + Level 11.4 Armour
 + Level 10.6 Dodging
 - Level 1.1 Stealth
 - Level 9.3 Invocations


You had 9 spell levels left.
You didn't know any spells.
Your spell library was empty.

Dungeon Overview and Level Annotations

Branches:
Dungeon (1/1)

Altars:
Ashenzari
Cheibriados
Dithmenos
Elyvilon
Fedhas
Gozag
Hepliaklqana
Kikubaaqudgha
Makhleb
Nemelex Xobeh
Okawaru
Qazlal
Ru
Sif Muna
Trog
Uskayaw
Vehumet
Wu Jian
Xom
Yredelemnul
Zin
The Shining One
Jiyva
Lugonu


Innate Abilities, Weirdness & Mutations

You have a pair of horns on your head.
You reflexively headbutt those who attack you in melee.


Message History

You feel very sick. The orange demon barely misses you.
You feel very sick.
The orange demon stings you but does no damage.
The orange demon hits you.
There is an open door, spattered with blood here.
Things that are here:
a +0 whip; a +0 dagger; a kobold corpse You hit the orange demon.
You burn the orange demon. Your headbutt misses the orange demon.
The orange demon is severely wounded.
You feel sick. The orange demon barely misses you.
The orange demon hits you but does no damage.
The very large slime creature barely misses you.
You slash the orange demon! You burn the orange demon.
You kill the orange demon!
Okawaru accepts your kill.
You feel sick.
The very large slime creature hits you!!!
The gnoll attacks as you move away! The gnoll hits you but does no damage.
You feel sick.
You hit the very large slime creature. You burn the very large slime creature.
The very large slime creature is lightly wounded.
You feel sick.
Two slime creatures merge to form an enormous slime creature.
Unknown command.
Okay, then.
You feel much better.
You feel sick.
The slime creature quivers.
The enormous slime creature hits you!!!
Ouch! That really hurt!
* * * LOW HITPOINT WARNING * * *
Unknown command.
You feel sick.
Things that are here:
a +0 dagger; 2 poisoned darts The enormous slime creature attacks as you move away!
The enormous slime creature hits you!!!
Ouch! That really hurt!
You die...

..##...##...#..##...
..##..##...##..#....
..##..#...##...'....
..##..[..##....###
..##.##..#.......### .
######.†.'..)......## ...
### #..†.#....####..##....
[[##..#..##.)##..##..J....
[[##.###..##))))@J)g.#
))####.##..#)##..##..# ))#
#..)'..)..#### ..#
.)##....#..##..... ...#
############ ##### ####


You could see an enormous slime creature, a slime creature and a gnoll.

Vanquished Creatures
  A nagaraja (D)
  A sea snake (D)
  A bog body (D)
  A manticore (D)
  An elephant (D)
  2 black mambas (D)
  An orange demon (D)
  A cane toad (D)
  An unseen horror (D)
  2 kobold demonologists (D)
  A rime drake (D)
  A merfolk (D)
  A slime creature (D)
  A spriggan (D)
  A wraith (D)
  A ynoxinul (D)
  A redback (D)
  Menkaure (D)
  A warg (D)
  4 floating eyes (D)
  2 black bears (D)
  A phantom (D)
  2 kobold brigands (D)
  4 wights (D)
  A small abomination (D)
  A crimson imp (D)
  A gnoll bouda (D)
  A jelly (D)
  An iron imp (D)
  A mummy (D)
  6 gnolls (D)
  A river rat (D)
  An adder skeleton (D)
  A bat skeleton (D)
  3 goblins (D)
  A hobgoblin (D)
  5 kobolds (D)
  A ball python simulacrum (D)
  A bat (D)
  A frilled lizard (D)
  A jackal zombie (D)
  A rat (D)
63 creatures vanquished.

Notes
Turn   | Place    | Note
-------+----------+-------------------------------------------
     0 | D        | rocky1 the Minotaur Hunter began the quest for the Orb.
     0 | D        | Reached XP level 1. HP: 18/18 MP: 0/0
    20 | D        | Reached skill level 1 in Stealth
    51 | D        | Found a bloodstained altar of Trog.
    51 | D        | Found a shimmering blue altar of Sif Muna.
    51 | D        | Found a viscous altar of Jiyva.
    51 | D        | Found a hazy altar of Hepliaklqana.
    51 | D        | Found an opulent altar of Gozag.
    52 | D        | Found a glowing golden altar of the Shining One.
    52 | D        | Found a glowing silver altar of Zin.
    52 | D        | Found a basalt altar of Yredelemnul.
    52 | D        | Found a shimmering altar of Xom.
    52 | D        | Found an ornate altar of the Wu Jian Council.
    52 | D        | Found a sacrificial altar of Ru.
    52 | D        | Found a stormy altar of Qazlal.
    52 | D        | Found an iron altar of Okawaru.
    52 | D        | Found a sparkling altar of Nemelex Xobeh.
    52 | D        | Found a burning altar of Makhleb.
    52 | D        | Found a blossoming altar of Fedhas.
    52 | D        | Found a white marble altar of Elyvilon.
    52 | D        | Found a shadowy altar of Dithmenos.
    52 | D        | Found a snail-covered altar of Cheibriados.
    54 | D        | Found a radiant altar of Vehumet.
    54 | D        | Found a corrupted altar of Lugonu.
    55 | D        | Found a hide-covered altar of Uskayaw.
    55 | D        | Found an ancient bone altar of Kikubaaqudgha.
    55 | D        | Found a broken altar of Ashenzari.
    60 | D        | Became a worshipper of Warmaster Okawaru
    79 | D        | Noticed a floating eye
    85 | D        | Paralysed by a floating eye for 3 turns
    90 | D        | Paralysed by a floating eye for 3 turns
    93 | D        | Killed a floating eye
    93 | D        | Reached * piety under Okawaru
    94 | D        | Reached skill level 5 in Fighting
    94 | D        | Reached skill level 6 in Ranged Weapons
    94 | D        | Reached XP level 2. HP: 29/29 MP: 0/3
    94 | D        | Reached XP level 3. HP: 36/36 MP: 0/4
    94 | D        | Reached XP level 4. HP: 42/42 MP: 0/5
   253 | D        | Noticed a floating eye
   256 | D        | Paralysed by a floating eye for 2 turns
   260 | D        | Killed a floating eye
   260 | D        | Reached ** piety under Okawaru
   261 | D        | Reached skill level 5 in Long Blades
   261 | D        | Reached skill level 5 in Armour
   261 | D        | Reached skill level 5 in Dodging
   261 | D        | Reached XP level 5. HP: 50/50 MP: 5/7
   262 | D        | Noticed a floating eye
   267 | D        | Killed a floating eye
   268 | D        | Reached skill level 8 in Ranged Weapons
   268 | D        | Reached XP level 6. HP: 57/57 MP: 5/8
   308 | D        | Reached skill level 9 in Ranged Weapons
   626 | D        | Noticed a floating eye
   627 | D        | Killed a floating eye
   628 | D        | Reached skill level 10 in Ranged Weapons
   628 | D        | Reached XP level 7. HP: 63/63 MP: 9/9
   730 | D        | Noticed a ynoxinul
   738 | D        | Killed a ynoxinul
   738 | D        | Reached *** piety under Okawaru
   739 | D        | Reached skill level 10 in Long Blades
   739 | D        | Reached skill level 11 in Ranged Weapons
   893 | D        | Noticed Menkaure
   901 | D        | Killed Menkaure
   912 | D        | Reached skill level 12 in Ranged Weapons
  1191 | D        | Reached XP level 8. HP: 70/70 MP: 7/10
  1231 | D        | Killed an unseen horror
  1231 | D        | Reached **** piety under Okawaru
  1232 | D        | Reached skill level 13 in Ranged Weapons
  1611 | D        | Noticed a nagaraja
  1636 | D        | Killed a nagaraja
  1637 | D        | Reached skill level 16 in Ranged Weapons
  1637 | D        | Reached XP level 9. HP: 25/78 MP: 11/11
  1913 | D        | Noticed a sea snake
  1915 | D        | Noticed a bog body
  1921 | D        | Killed a sea snake
  1921 | D        | Reached ***** piety under Okawaru
  1922 | D        | Reached skill level 5 in Invocations
  1925 | D        | Killed a bog body
  2325 | D        | Noticed a black mamba
  2325 | D        | Noticed a black mamba
  2325 | D        | Noticed a merfolk
  2328 | D        | Killed a black mamba
  2329 | D        | Reached XP level 10. HP: 91/91 MP: 14/14
  2330 | D        | Killed a black mamba
  2330 | D        | Received a gift from Okawaru
  2415 | D        | Noticed a manticore
  2416 | D        | Noticed a cane toad
  2420 | D        | Noticed an elephant
  2466 | D        | Reached skill level 10 in Fighting
  2467 | D        | Killed a cane toad
  2474 | D        | Killed a manticore
  2474 | D        | Received a gift from Okawaru
  2475 | D        | Reached skill level 10 in Armour
  2732 | D        | Killed an elephant
  2737 | D        | Reached skill level 10 in Dodging
  3063 | D        | Noticed an orange demon
  3077 | D        | Killed an orange demon
  3082 | D        | Annihilated by an enormous slime creature

Illustrated notes

Levels and vault maps discovered:
D:        pitsprint [storerooms_1, entrance_room_1, metal_vault_7, armoury_2,
          mini_pit_1, grid_room_1, main_hall_1, silver_pit, the_coven_2,
          the_vestibule_1, steel_vault_2, golden_pit, hallway_of_sentries,
          crystal_vault_6, iron_vault_3, final_vault]

Skill      XL: |  1  2  3  4  5  6  7  8  9 10 |
---------------+-------------------------------+-----
Stealth        | 1 |  1.1
Fighting       | 5 6 9 11 | 11.6
Long Blades    | 3 5 7 9 12 14 | 14.7
Ranged Weapons | 6 8 10 12 16 | 16.0
Armour         | 4 5 6 8 11 | 11.4
Dodging        | 4 5 8 10 | 10.6
Invocations    | 3 4 7 9 |  9.3

Action                   |  1- 3 |  4- 6 |  7- 9 | 10-12 || total
-------------------------+-------+-------+-------+-------++-------
Melee: Falchion          |     6 |    17 |       |       ||    23
       Unarmed           |     6 |       |       |       ||     6
       Headbutt          |     1 |     2 |    15 |    18 ||    36
       Punch             |       |     1 |     2 |     4 ||     7
       Long sword        |       |    14 |    50 |       ||    64
       Scimitar          |       |       |    42 |    58 ||   100
       Great sword       |       |       |       |    30 ||    30
 Fire: Shortbow          |     3 |    10 |     2 |    28 ||    43
Invok: Heroism           |       |       |     1 |     1 ||     2
  Use: Potion            |       |       |     8 |     9 ||    17
       Scroll            |       |       |       |     1 ||     1
 Stab: Sleeping          |       |     1 |       |       ||     1
       Invisible         |       |       |       |     4 ||     4
Armor: Plate armour      |       |    10 |    61 |    77 ||   148
       Leather armour    |       |     1 |       |       ||     1
Dodge: Dodged            |     4 |     7 |    21 |    55 ||    87

Table legend: (Time is in decaauts)
 A = Elapsed time spent in this place.
 B = Non-inter-level travel time spent in this place.
 C = Inter-level travel time spent in this place.
 D = Time resting spent in this place.
 E = Time spent auto-exploring this place.
 F = Levels seen in this place.
 G = Mean time per level.
                   A        B        C        D        E       F      G
               +--------+--------+--------+--------+--------+-----+--------+
         Total |   3073 |   3052 |     21 |   2287 |      0 |   1 | 3073.0 |
       Dungeon |   3073 |   3052 |     21 |   2287 |      0 |   1 | 3073.0 |
               +--------+--------+--------+--------+--------+-----+--------+

Top non-repeatable levels by time:
       D: 3073 daAuts
